 Dungeon Crawl Stone Soup version 0.27-a0-1347-gd8886f0a89 (webtiles) character file.

Game seed: 17558029638188201504

46 Shayle the Sneak (level 3, -4/31 HPs)
             Began as a Naga Hedge Wizard on June 28, 2021.
             Slain by a goblin (8 damage)
             ... led by Robin
             ... on level 2 of the Dungeon.
             The game lasted 00:07:31 (2860 turns).

Shayle the Sneak (Naga Hedge Wizard)                Turns: 2860, Time: 00:07:32

Health: -4/31      AC:  2    Str: 12    XL:     3   Next: 68%
Magic:  2/7        EV: 10    Int: 15    God:
Gold:   88         SH:  0    Dex: 10    Spells: 5/8 levels left

rFire    . . .     SeeInvis +   k - +1 dagger (vamp)
rCold    . . .     Faith    .   (no shield)
rNeg     . . .     Spirit   .   b - +0 robe
rPois    +         Reflect  .   c - +0 hat
rElec    .         Harm     .   (no cloak)
rCorr    .         Rampage  .   (no gloves)
Will     .....                  (no barding)
Stlth    ++........             (no amulet)
HPRegen  0.10/turn              (no ring)
MPRegen  0.10/turn              (no ring)

@: flying, very slow
A: AC +1, large, see invisible, deformed body, poison resistance, slowness 2,
spit poison 1, naga tail 1
a: Spit Poison


You were on level 2 of the Dungeon.
You visited 1 branch of the dungeon, and saw 2 of its levels.

You collected 88 gold pieces.

Inventory:

Hand Weapons
 a - a +0 dagger
 f - a +4 dagger
 k - a +1 vampiric dagger (weapon)
Armour
 b - a +0 robe (worn)
 c - a +0 hat (worn)
Jewellery
 d - a ring of poison resistance
Scrolls
 e - a scroll of silence {unknown}
 g - a scroll of immolation {unknown}
 h - a scroll of enchant armour {unknown}
 l - a scroll of vulnerability {unknown}
 m - a scroll of teleportation
 n - a scroll of amnesia {unknown}
Potions
 i - a potion of flight


   Skills:
 + Level 1.6 Fighting
 + Level 2.2 Dodging
 - Level 3.0 Stealth
 - Level 3.0 Spellcasting
 - Level 1.0 Conjurations
 - Level 1.0 Summonings
 - Level 1.0 Translocations
 + Level 1.8 Invocations


You had 5 spell levels left.
You knew the following spells:

 Your Spells              Type           Power      Damage    Failure   Level
a - Magic Dart            Conj           20%        1d4       13%         1
b - Call Imp              Summ           5%         N/A       21%         2

Your spell library contained the following spells:

 Spells                   Type           Power      Damage    Failure   Level
 Animate Skeleton         Necr           4%         N/A       21%         1
 Pain                     Necr           8%         1d4       21%         1
 Blink                    Tloc           N/A        N/A       21%         2
 Slow                     Hex            2%         N/A       30%         2
 Gell's Gravitas          Tloc           2%         N/A       36%         3
 Conjure Flame            Conj/Fire      3%         6-21      43%         3
 Mephitic Cloud           Conj/Pois/Air  3%         N/A       45%         3
 Confusing Touch          Hex            2%         N/A       52%         3
 Vampiric Draining        Necr           1%         2d6       52%         3
 Animate Dead             Necr           1%         N/A       89%         4
 Petrify                  Tmut/Erth      2%         N/A       89%         4
 Agony                    Necr           2%         N/A       99%         5
 Metabolic Englaciation   Hex/Ice        1%         N/A       99%         5
 Yara's Violent Unravell  Hex/Tmut       1%         3d3       99%         5


Dungeon Overview and Level Annotations

Branches:
Dungeon (2/15)

Altars:


Innate Abilities, Weirdness & Mutations

Your serpentine skin is tough. (AC +1)
You have supernaturally acute eyesight. (SInv)
Armour fits poorly on your strangely shaped body.
Your system is resistant to poisons. (rPois)
You cover ground very slowly.
You can spit poison.
You have a snake-like lower body.


Message History

The goblin no longer looks unusually strong.
The goblin hits you with a +0 dagger. x2
* * * LOW HITPOINT WARNING * * *
Your crimson imp closely misses the goblin.
Robin roars a battlecry!
The goblin goes into a battle-frenzy!
Your crimson imp hits Robin but does no damage.
The endoplasm hits you but does no damage.
Robin throws the goblin at you!
Your crimson imp barely misses Robin.
The endoplasm closely misses you. The goblin misses you.
The goblin hits you but does no damage.
Unknown command.
The goblin throws a stone.
The stone barely misses you.
Robin hits your crimson imp with a +0 mace.
Your crimson imp hits Robin but does no damage.
Your crimson imp hits Robin.
The goblin closely misses you.
The goblin throws a stone.
The stone barely misses you. Robin barely misses your crimson imp.
Your crimson imp closely misses Robin.
The goblin barely misses you.
Your crimson imp hits Robin.
The endoplasm hits you.
* * * LOW HITPOINT WARNING * * *
Unknown command.
Casting: Call Imp (safe; 21% risk of failure)
Confirm with . or Enter, or press ? or * to list all spells.
A beastly little devil appears in a puff of flame.
The goblin throws a stone.
The stone hits you but does no damage.
The goblin throws a stone.
The stone misses you.
Robin hits your crimson imp with a +0 mace.
Your crimson imp hits Robin. x2; The goblin barely misses you.
The goblin barely misses your crimson imp.
The endoplasm freezes you.
You are frozen.
* * * LOW HITPOINT WARNING * * *
You swap places.
Robin roars a battlecry!
The hobgoblin goes into a battle-frenzy!
Your crimson imp barely misses Robin.
Your crimson imp hits Robin.
Robin dies!
The goblin hits you with a +0 hand axe!
You die...

##...##...###.####
##.####### #.## #
####.### #..###
#......# ##..##
#......# ##.##
#......# #.##
#......#### #..#
#....5g.).# ##..
#.@5J5)##.# #...
#..gg..##.# #.##
#......##.######.
#......##.J...##.
##########.......
....... ...g...
....... .......


You could see an endoplasm, a hobgoblin (strong), 2 goblins and 3 friendly
crimson imps.

Vanquished Creatures
  An endoplasm (D:1)
  2 giant cockroaches
  14 goblins
  2 hobgoblins
  A jackal (D:1)
  2 kobolds
  A quokka (D:1)
  3 ball pythons
  7 bats
  A frilled lizard (D:2)
  3 rats (D:1)
37 creatures vanquished.

Vanquished Creatures (collateral kills)
  Robin (D:2)
  An endoplasm (D:1)
  A giant cockroach (D:1)
  2 goblins (D:1)
  3 jackals (D:1)
8 creatures vanquished.

Grand Total: 45 creatures vanquished

Notes
Turn   | Place    | Note
-------+----------+-------------------------------------------
     0 | D:1      | Shayle the Naga Hedge Wizard began the quest for the Orb.
     0 | D:1      | Reached XP level 1. HP: 15/15 MP: 4/4
   636 | D:1      | Reached XP level 2. HP: 24/24 MP: 0/6
   698 | D:1      | Learned a level 2 spell: Call Imp
   772 | D:1      | Reached skill level 1 in Invocations
   846 | D:1      | Reached skill level 1 in Fighting
  1528 | D:1      | Reached XP level 3. HP: 28/31 MP: 7/7
  2188 | D:2      | Noticed Robin
  2852 | D:2      | HP: 1/31 [Robin (7)]
  2860 | D:2      | Killed Robin
  2860 | D:2      | Slain by a goblin

Illustrated notes

Levels and vault maps discovered:
D:1:      dpeg_arrival_refuge, layout_basic, minmay_domino_2
D:2:      layout_rooms, uniq_robin

Skill      XL: |  1  2 |
---------------+-------+-----
Invocations    | 1 |  1.8
Fighting       | 1 |  1.6
Dodging        | 2 |  2.2
Stealth        | |  3.0
Spellcasting   | |  3.0
Conjurations   | |  1.0
Summonings     | |  1.0
Translocations | |  1.0

Action                   || total
-------------------------++-------
Melee: Dagger            ||    84
 Cast: Magic Dart        ||    18
       Call Imp          ||    15
 Abil: Spit Poison       ||    18
  Use: Potion            ||     3
       Scroll            ||     1
 Stab: Sleeping          ||     4
Armor: Robe              ||    34
Dodge: Dodged            ||   124

Table legend: (Time is in decaauts)
 A = Elapsed time spent in this place.
 B = Non-inter-level travel time spent in this place.
 C = Inter-level travel time spent in this place.
 D = Time resting spent in this place.
 E = Time spent auto-exploring this place.
 F = Levels seen in this place.
 G = Mean time per level.
                   A        B        C        D        E       F      G
               +--------+--------+--------+--------+--------+-----+--------+
         Total |   3343 |   3253 |     90 |   1111 |   1331 |   2 | 1671.5 |
       Dungeon |   3343 |   3253 |     90 |   1111 |   1331 |   2 | 1671.5 |
               +--------+--------+--------+--------+--------+-----+--------+

Top non-repeatable levels by time:
     D:1: 2703 daAuts
     D:2: 639 daAuts
